 Dungeon Crawl Stone Soup version 0.26-a0-1033-gd598b01645 (webtiles) character file.

Game seed: 10894315092538664282

60 jiml777 the Gusty (level 3, 0/28 HPs)
             Began as a Deep Elf Air Elementalist on Dec 10, 2020.
             Succumbed to an orc's poison
             ... on level 3 of the Dungeon.
             The game lasted 00:10:50 (1890 turns).

jiml777 the Gusty (Deep Elf Air Elementalist)       Turns: 1890, Time: 00:10:51

Health: 0/28       AC:  4    Str:  5    XL:     3   Next: 80%
Magic:  6/10       EV: 13    Int: 20    God:
Gold:   112        SH:  0    Dex: 15    Spells: 8/9 levels left

rFire    . . .     SeeInvis +   l - +1 rapier (venom)
rCold    . . .     Faith    .   (no shield)
rNeg     . . .     Spirit   .   m - +0 robe
rPois    .         Reflect  .   (no helmet)
rElec    .         Harm     .   h - +1 cloak
rCorr    .         Rampage  .   (no gloves)
Will     .....                  (no boots)
Stlth    ..........             (no amulet)
HPRegen  0.09/turn              i - ring of stealth
MPRegen  0.12/turn              n - ring of see invisible

@: berserking, lethally poisoned (0 -> -22), very quick
A: no striking features
a: no special abilities


You were on level 3 of the Dungeon.
You visited 1 branch of the dungeon, and saw 3 of its levels.

You collected 112 gold pieces.

Inventory:

Hand Weapons
 l - a +1 rapier of venom (weapon)
Missiles
 d - 15 poisoned darts
Armour
 h - a +1 cloak (worn)
 m - a +0 robe (worn)
Jewellery
 i - a ring of stealth (left hand)
 n - a ring of see invisible (right hand)
Scrolls
 a - a scroll of enchant armour {unknown}
 g - a scroll of magic mapping
 j - a scroll of teleportation
 o - a scroll of remove curse
Potions
 b - a potion of might
 c - a potion of flight
 e - a potion of lignification {unknown}
 f - a potion of curing {unknown}


   Skills:
 + Level 2.8 Dodging
 + Level 2.5 Stealth
 + Level 3.7 Spellcasting
 + Level 2.0 Conjurations
 + Level 3.9 Air Magic


You had 8 spell levels left.
You knew the following spells:

 Your Spells              Type           Power        Failure   Level
a - Shock                 Conj/Air       ###.         3%          1

Your spell library contained the following spells:

 Spells                   Type           Power        Failure   Level
 Swiftness                Air            ###.....     4%          2
 Static Discharge         Conj/Air       ###.....     12%         3
 Airstrike                Air            ###.......   26%         4
 Lightning Bolt           Conj/Air       ###.......   71%         5


Dungeon Overview and Level Annotations

Branches:
Dungeon (3/15)

Altars:
Kikubaaqudgha


Message History

The zap hits the orc.
The orc is heavily wounded.
* * * LOW HITPOINT WARNING * * *
You feel sick.
The orc hits you with a +0 war axe of venom.
* * * LOW HITPOINT WARNING * * *
You are more poisoned.
It was a potion of berserk rage.
A red film seems to cover your vision as you go berserk!
You feel yourself moving faster!
You feel mighty!
* * * LOW HITPOINT WARNING * * *
You feel sick. The orc barely misses you.
You are too berserk!
You hit the orc but do no damage.
The orc is poisoned.
The orc is heavily wounded.
* * * LOW HITPOINT WARNING * * *
You feel sick. The orc barely misses you.
You hit the orc.
The orc is severely wounded.
You die...

#....# .. .!.... #....#
.# ..... #....## .# ...o
#.....####.# ...
#.###..##.. .. .
#####.####.##.# .# ...
.......###..#.###.##....
......................#
.......#####.##.@.#####
.#.....## #.####o#
##.....####.####.# .
#..#......)<.....####..
#..##...###............
.#...†..............#...
........................
.>.###...##.............
##.###...(......<.......


You could see an orc (very poisoned).

Vanquished Creatures
  2 adders (D:2)
  A worm (D:2)
  2 dart slugs (D:1)
  3 bats (D:1)
  4 giant cockroaches
  3 goblins
  5 hobgoblins
  A quokka (D:3)
  3 frilled lizards
  5 kobolds
  4 rats
33 creatures vanquished.

Notes
Turn   | Place    | Note
-------+----------+-------------------------------------------
     0 | D:1      | jiml777 the Deep Elf Air Elementalist began the quest for
                  | the Orb.
     0 | D:1      | Reached XP level 1. HP: 10/10 MP: 6/6
   182 | D:1      | Reached XP level 2. HP: 12/15 MP: 5/8
  1027 | D:2      | Reached XP level 3. HP: 19/19 MP: 6/9
  1726 | D:2      | Found an ancient bone altar of Kikubaaqudgha.
  1890 | D:3      | Succumbed to an orc's poison

Illustrated notes

Levels and vault maps discovered:
D:1:      lightli_arrival_statuegarden, layout_rooms
D:2:      layout_rooms, kiku_gazebo_pond_becter
D:3:      layout_rooms

Skill      XL: |  1  2  3 |
---------------+----------+-----
Conjurations   | 2 |  2.0
Dodging        | |  2.8
Stealth        | |  2.5
Spellcasting   | |  3.7
Air Magic      | |  3.9

Action                   || total
-------------------------++-------
Melee: Rapier            ||     2
 Cast: Shock             ||    79
  Use: Scroll            ||     7
       Potion            ||     1
Armor: Robe              ||     5
Dodge: Dodged            ||    21

Table legend: (Time is in decaauts)
 A = Elapsed time spent in this place.
 B = Non-inter-level travel time spent in this place.
 C = Inter-level travel time spent in this place.
 D = Time resting spent in this place.
 E = Time spent auto-exploring this place.
 F = Levels seen in this place.
 G = Mean time per level.
                   A        B        C        D        E       F      G
               +--------+--------+--------+--------+--------+-----+--------+
         Total |   1888 |   1814 |     74 |    729 |    650 |   3 |  629.3 |
       Dungeon |   1888 |   1814 |     74 |    729 |    650 |   3 |  629.3 |
               +--------+--------+--------+--------+--------+-----+--------+

Top non-repeatable levels by time:
     D:1: 1022 daAuts
     D:2: 740 daAuts
     D:3: 126 daAuts
